 Dungeon Crawl Stone Soup version 0.20.1-1-g8b1a95d (webtiles) character file.

116 b13n1u the Shield-Bearer (level 5, -3/33 HPs)
             Began as a Gargoyle Fighter on Sept 21, 2017.
             Killed from afar by Sigmund (7 damage)
             ... with a magic dart
             ... on level 2 of the Dungeon.
             The game lasted 00:14:40 (2546 turns).

b13n1u the Shield-Bearer (Gargoyle Fighter)         Turns: 2546, Time: 00:14:41

Health: -3/33      AC:  7    Str: 19    XL:     5   Next: 0%
Magic:  5/5        EV:  9    Int: 10    God:
Gold:   151        SH:  9    Dex:  9    Spells: 4/4 levels left

rFire    . . .     SeeInvis .   a - +1 war axe
rCold    . . .     Gourm    .   c - +0 shield
rNeg     + . .     Faith    .   f - +0 robe
rPois    ∞         Spirit   .   g - +0 helmet
rElec    +         Reflect  .   (no cloak)
rCorr    .         Harm     .   (no gloves)
MR       .....                  (no boots)
Stlth    +.........             (no amulet)
Regen    0.2/turn               (no ring)
MPRegen  0.1/turn               (no ring)

@: about to teleport
A: negative energy resistance 1, electricity resistance, unbreathing,
petrification resistance, rot immunity, AC +4
a: no special abilities


You were on level 2 of the Dungeon.
You were not hungry.

You visited 1 branch of the dungeon, and saw 2 of its levels.

You collected 151 gold pieces.

Inventory:

Hand Weapons
 a - a +1 war axe (weapon)
 j - a +2 dagger of venom
Missiles
 e - 10 poisoned needles (quivered)
Armour
 b - a +0 scale mail
 c - a +0 shield (worn)
 f - a +0 robe (worn)
 g - a +0 helmet (worn)
Scrolls
 h - 2 scrolls of teleportation
 i - a scroll of immolation
Potions
 k - 2 potions of magic
Comestibles
 l - a bread ration


   Skills:
 + Level 4.1 Fighting
 + Level 2.7 Axes
 + Level 3.8 Armour
 + Level 0.4 Dodging
 + Level 4.2 Shields


You had 4 spell levels left.
You didn't know any spells.

Dungeon Overview and Level Annotations

Branches:
Dungeon (2/15)

Altars:

Annotations:
D:2 Sigmund


Innate Abilities, Weirdness & Mutations

You are resistant to torment.
Your stone body is resilient. (AC +4)
You are immune to poison.
You resist negative energy. (rN+)
You are resistant to electric shocks. (rElec)
You can survive without breathing.
You are immune to petrification.
You are immune to rotting.


Message History

A magic dart appears from out of thin air!
The magic dart hits you!
You hit something. Something hits you.
You slash something! Something hits you.
You closely miss something. You hit something.
Something hits you but does no damage.
You miss something. Something hits you.
You miss something. Something hits you but does no damage.
Your shield prevents you from hitting something.
Something hits you!
* * * LOW HITPOINT WARNING * * *
You closely miss something.
You hear some strange, mumbled words.
Something tries to affect you, but you resist.
As you read the scroll of teleportation, it crumbles to dust.
You feel strangely unstable. Something hits you.
* * * LOW HITPOINT WARNING * * *
A magic dart appears from out of thin air!
The magic dart hits you!
You die...

#########.†#..##.#
#..#..##.# #..#..##.#
############..#..##.#
#................##.#
#.#########.........#
#.# #........##
####)# #####.##(#.#
##...# #>...@.{.#.#
##.### #.###.####.#
##.# #.# #(# #.#
##.#########.# #.#
#.#
.............###.#
##.#
.............†...#
#..#
##.#####.#######.#
#.##
#.#####.#######.# #.#
#...............# #.#


There were no monsters in sight!

Vanquished Creatures
  Jessica (D:2)
  3 adders (D:2)
  3 oozes
  A worm (D:2)
  A dart slug (D:2)
  A ball python (D:2)
  5 bats
  2 giant cockroaches
  6 goblins
  4 hobgoblins
  4 jackals (D:2)
  7 kobolds
  5 frilled lizards
  4 rats
  4 plants (D:1)
51 creatures vanquished.

Notes
Turn   | Place    | Note
-------+----------+-------------------------------------------
     0 | D:1      | b13n1u the Gargoyle Fighter began the quest for the Orb.
     0 | D:1      | Reached XP level 1. HP: 14/14 MP: 1/1
    48 | D:1      | Reached XP level 2. HP: 19/19 MP: 2/2
   769 | D:1      | Reached XP level 3. HP: 22/24 MP: 3/3
  1453 | D:2      | Reached XP level 4. HP: 29/29 MP: 4/4
  1550 | D:2      | Noticed Jessica
  1569 | D:2      | Killed Jessica
  1842 | D:2      | Noticed Sigmund
  2407 | D:2      | Reached XP level 5. HP: 30/33 MP: 5/5
  2546 | D:2      | Killed from afar by Sigmund

Skill      XL: |  1  2  3 |
---------------+----------+-----
Axes           | 2 |  2.7
Fighting       | 4 |  4.1
Shields        | 4 |  4.2
Armour         | |  3.8
Dodging        | |  0.4

Action                   |  1- 3 |  4- 6 || total
-------------------------+-------+-------++-------
Melee: War axe           |   138 |    73 ||   211
  Use: Scroll            |     4 |     4 ||     8
       Potion            |     2 |       ||     2
  Eat: Royal jelly       |     1 |       ||     1
       Bread ration      |       |     1 ||     1
Armor: Scale mail        |    52 |    10 ||    62
       Robe              |       |    16 ||    16
Dodge: Dodged            |    37 |    28 ||    65
Block: Shield            |    52 |    25 ||    77
